Cogmind - Beta 13 @@@ ROGUE MODE // 2024.04.29 @ 11:33:32 Player: AntinDisguise Result: Destroyed by G-34 Mercenary with Small Laser Performance ------------- Evolutions (1) 500 Regions Visited (2) 400 Robots Destroyed (44) 220 Value Destroyed (1058) 1058 Prototype IDs (2) 40 Alien Tech Used (0) 0 Bonus (135) 135 TOTAL SCORE: 2353 Bonus ------- High Alert Combat Kills 135 Cogmind --------- Core Integrity 0/400 Matter 258/300 Energy 428/430 System Corruption 0% Temperature Cool (39) Movement Treading (240) Ox1 Location -9/Materials Parts ------- > --- POWER (2) -------- Ion Engine Cooled Ion Engine > --- PROPULSION (2) --- Light Treads Light Treads > --- UTILITY (3) ------ Improved Heat Sink High-capacity Storage Unit Power Shielding > --- WEAPON (2) ------- Improved Assault Rifle > --- INVENTORY (20) --- Ion Engine Improved Ion Engine Improved Ion Engine Improved Ion Engine Light Treads Light Treads Light Treads Light Treads High-capacity Storage Unit Medium Laser Medium Laser Beam Rifle Particle Gun Particle Gun Autogun Peak State ------------ > --- POWER ------------ Ion Engine Cooled Ion Engine > --- PROPULSION ------- Light Treads Light Treads > --- UTILITY ---------- High-capacity Storage Unit Transport Network Coupler Power Shielding > --- WEAPON ----------- Improved Assault Rifle Improved Assault Rifle > --- INVENTORY -------- Improved Ion Engine Improved Ion Engine Improved Ion Engine Light Treads Light Treads Light Treads Light Treads Improved Heat Sink High-capacity Storage Unit Medium Laser Medium Laser Particle Gun Autogun [Rating: 17] Favorites ----------- Power Ion Engine Engine Ion Engine Propulsion Light Treads Treads Light Treads Wheel Compact Wheel Utility High-capacity Storage Unit Device Improved Terrain Scanner Storage High-capacity Storage Unit Processor Transport Network Coupler Protection Power Shielding Weapon Improved Assault Rifle Energy Gun EM Pulse Gun Ballistic Gun Improved Assault Rifle Ballistic Cannon Improved Light Cannon Launcher Grenade Launcher Build | -11 -10 -9 ------- Run | Yrd Mat Mat Slots Evolved 2 | . . 2 Power 1 | . . 1 Propulsion . | . . . Utility 1 | . . 1 Weapon . | . . . Parts Attached 31 | 9 4 18 Power 8 | 1 1 6 Engine 8 | 1 1 6 Core . | . . . Reactor . | . . . Propulsion 4 | 2 . 2 Treads 2 | . . 2 Leg . | . . . Wheel 2 | 2 . . Hover . | . . . Flight . | . . . Utility 9 | 3 1 5 Device 5 | 2 . 3 Storage 2 | 1 1 . Processor 1 | . . 1 Hackware . | . . . Protection 1 | . . 1 Artifact . | . . . Weapon 10 | 3 2 5 Energy Gun 3 | 2 . 1 Energy Cannon . | . . . Ballistic Gun 4 | 1 . 3 Ballistic Cannon 1 | . . 1 Launcher 2 | . 2 . Special Weapon . | . . . Impact Weapon . | . . . Slashing Weapon . | . . . Piercing Weapon . | . . . Special Melee Weapon . | . . . Unidentified Prototypes 2 | . . 2 Parts Lost 12 | . . 12 Power 3 | . . 3 Propulsion 2 | . . 2 Utility 3 | . . 3 Weapon 4 | . . 4 Highest Loss Streak 6 | . . 6 To Critical Strikes . | . . . Average Slot Usage (%) 92 | . 100 90 Engine 17 | . 14 17 Treads 11 | . . 15 Wheel 11 | . 28 6 Device 7 | . 14 5 Storage 11 | . 14 11 Processor 6 | . . 8 Protection 2 | . . 3 Energy Gun 2 | . 7 1 Ballistic Gun 8 | . 3 10 Ballistic Cannon 5 | . . 6 Launcher 6 | . 17 3 Naked Turns . | . . . Heaviest Build 61 | 14 52 61 Greatest Support 40 | 26 26 40 Greatest Overweight (x) 3 | 3 1 2 Average Overweight (x) 1 | . . 1 Largest Inventory Capacity 20 | 8 20 20 Average Capacity 19 | 7 19 20 Most Carried 16 | 6 7 16 Average Carried 8 | 2 4 10 Final Capacity 20 | 8 20 20 Final Carried 15 | 2 7 15 Class Distribution -------------------- 100% | Mutant Dominant Class ---------------- Mutant | -10/Materials Mutant | -9/Materials Resources | -11 -10 -9 ----------- Run | Yrd Mat Mat Matter Collected 900 | 274 169 457 Remotely 111 | 111 . . Salvage Created 1269 | 72 310 887 Parts 94 | 5 26 63 Haulers Intercepted 2 | . . 2 Recyclers Shooed . | . . . Parts Field Recycled . | . . . Retrieved Matter . | . . . Parts Self-Destructed . | . . . Prevented . | . . . Kills | -11 -10 -9 ------- Run | Yrd Mat Mat Combat Hostiles Destroyed 32 | . 10 22 Guns 17 | . 2 15 Cannons 5 | . . 5 AOE 10 | . 8 2 Classes Destroyed 9 | 2 4 3 Worker 3 | . 1 2 Tunneler 2 | 1 1 . Hauler 2 | . . 2 Recycler 2 | 1 1 . Watcher 3 | . 1 2 Swarmer 12 | . 5 7 Grunt 16 | . 5 11 Brawler 1 | . . 1 Sentry 3 | . . 3 Best Kill Streak 6 | 1 5 6 Combat Bots Only 4 | . 3 4 Max Kills in Single Turn 3 | 1 3 2 Gunslinging 1 | . . 1 Exploded 3 | . 3 2 Melee . | . . . Uniques/NPCs Destroyed . | . . . Combat | -11 -10 -9 -------- Run | Yrd Mat Mat Hostile Shots Fired 221 | . 26 195 Missed 72 | . 7 65 Damage Taken 1891 | 36 238 1617 Core 483 | . 78 405 Absorbed by Shields . | . . . Redirected to Shielding 29 | . . 29 Core Remaining (%) 84 | 100 68 . Volleys Fired 92 | 9 17 66 Largest 2 | 2 2 2 Hottest 70 | 60 70 68 Shots Fired 180 | 18 34 128 Gun 140 | 18 23 99 Cannon 27 | . . 27 Launcher 13 | . 11 2 Special . | . . . Kinetic 125 | 9 11 105 Thermal . | . . . Explosive 13 | . 11 2 Electromagnetic 42 | 9 12 21 Robot Hit Streak 15 | 5 10 15 Robot Miss Streak 6 | 4 3 6 Penetration Max . | . . . Secondary Targets 5 | . 1 4 Max Gunslinging Chain 1 | . 1 1 Shots Hit Robots 111 | 11 20 80 Core Hits 64 | 2 20 42 Critical Kills . | . . . Critical Parts Destroyed 2 | . . 2 Critical Strikes 4 | . . 4 Destroy 2 | . . 2 Blast 1 | . . 1 Corrupt 1 | . . 1 Melee Attacks . | . . . Impact . | . . . Slashing . | . . . Piercing . | . . . Sneak Attacks . | . . . Combat Hostiles . | . . . Follow-up Attacks . | . . . Damage Inflicted 2685 | 133 901 1651 Guns 1392 | 113 180 1099 Cannons 246 | . . 246 Explosions 1047 | 20 721 306 Melee . | . . . Ramming . | . . . Kinetic 1222 | 38 68 1116 Thermal 149 | 20 129 . Explosive 871 | . 565 306 Electromagnetic 443 | 75 139 229 Impact . | . . . Slashing . | . . . Piercing . | . . . Highest Corruption . | . . . Average Corruption . | . . . Corruption Purged . | . . . Corruption Blocked . | . . . Overload Shots . | . . . Overflow Damage 144 | . 57 87 Projectiles . | . . . Explosions 144 | . 57 87 Melee . | . . . Knockbacks 2 | . . 2 Impact . | . . . Kinetic 2 | . . 2 Secondary . | . . . Self-Inflicted Damage 228 | 36 22 170 Shots 5 | 1 1 3 Rammed . | . . . Targets Rammed . | . . . Kicked . | . . . Crushed . | . . . Highest Temperature 132 | 40 132 52 Average Temperature 26 | 20 58 15 Received Heat Transfer 675 | . 96 579 Siege Activations . | . . . Robots Corrupted . | . . . Combat Hostiles . | . . . Parts Fried . | . . . Impact Corruptions . | . . . Robots Melted . | . . . Combat Hostiles . | . . . Parts Melted 1 | 1 . . Heat Transferred 150 | 50 100 . Parts Sabotaged . | . . . Parts Stolen . | . . . Parts Stripped . | . . . Power Chain Reactions 2 | 1 1 . Alert | -11 -10 -9 ------- Run | Yrd Mat Mat Peak Influence 600 | 10 507 600 Initial 213 | . 6 213 Average 359 | 3 216 430 Maximum Alert Level 2 | . 2 2 Low Security (%) 14 | 100 40 . Level 1 25 | . 50 19 Level 2 60 | . 9 80 Level 3 . | . . . Level 4 . | . . . Level 5 . | . . . High Security . | . . . Max Security . | . . . Squads Dispatched 3 | . 1 2 Investigation 1 | . . 1 Extermination . | . . . Reinforcement 1 | . 1 . Assault 1 | . . 1 Garrison . | . . . Intercept . | . . . Searches Triggered . | . . . Construction Impeded . | . . . Haulers Reinforced . | . . . Active Scanning Responses . | . . . Cargo Convoy Interrupts . | . . . Stealth | -11 -10 -9 --------- Run | Yrd Mat Mat Distress Signals 2 | . 2 . Communications Jammed . | . . . Distress Signals . | . . . Times Spotted 48 | . 14 34 Peak Tracking Total 6 | . 4 6 Tactical Retreats 4 | . 1 3 Traps | -11 -10 -9 ------- Run | Yrd Mat Mat Traps Triggered . | . . . Indirectly . | . . . Trap Hack Attempts . | . . . Triggered . | . . . Disarmed . | . . . Reprogrammed . | . . . Reused . | . . . Traps Extracted . | . . . Installed . | . . . Triggered 1 | . 1 . Machines | -11 -10 -9 ---------- Run | Yrd Mat Mat Machines Disabled 9 | . 7 2 Max in Single Turn 3 | . 3 1 Machines Repaired . | . . . Machines Dismantled . | . . . Machines Sabotaged . | . . . Overloaded Fab Kills . | . . . Hacking | -11 -10 -9 --------- Run | Yrd Mat Mat Machines Accessed 6 | . 4 2 Terminals 5 | . 3 2 Fabricators . | . . . Repair Stations . | . . . Recycling Units 1 | . 1 . Scanalyzers . | . . . Garrison Access . | . . . Total Hacks 10 | . 5 5 Successful 4 | . 3 1 Failed 6 | . 2 4 Catastrophic 3 | . . 3 Database Lockouts . | . . . Manual . | . . . Terminals 8 | . 3 5 Fabricators . | . . . Repair Stations . | . . . Recycling Units 2 | . 2 . Scanalyzers . | . . . Garrison Access . | . . . Terminal Hacks 4 | . 3 1 Branch Access Points 1 | . . 1 Zone Layout 3 | . 3 . Fabricator Hacks . | . . . Repair Station Hacks . | . . . Recycling Unit Hacks . | . . . Scanalyzer . | . . . Garrison Access Hacks . | . . . Unauthorized Hacks . | . . . Terminals . | . . . Fabricators . | . . . Repair Stations . | . . . Recycling Units . | . . . Scanalyzers . | . . . Garrison Access . | . . . Data Cores Recovered . | . . . Used . | . . . Hacking Detections 3 | . 1 2 Full Trace Events 1 | . . 1 Feedback Events . | . . . Feedback Blocked . | . . . Robot Schematics Acquired . | . . . Robots Built . | . . . Authchips . | . . . Time . | . . . Total Robot Build Rating . | . . . Part Schematics Acquired . | . . . Parts Built . | . . . Authchips . | . . . Time . | . . . Total Part Build Rating . | . . . Parts Repaired . | . . . Time . | . . . Parts Recycled . | . . . Recycled Matter . | . . . Retrieved Matter . | . . . Retrieved Components . | . . . Parts Scanalyzed . | . . . Part Schematics Acquired . | . . . Parts Damaged . | . . . Bothacking | -11 -10 -9 ------------ Run | Yrd Mat Mat Used RIF Installer . | . . . Robots Hacked . | . . . Non-combat . | . . . Combat . | . . . Robot Hacks Applied . | . . . Relay Couplers Released . | . . . Fabnet Peak Effective % . | . . . Robots Rewired . | . . . Allies Hacked . | . . . Hacks Repelled . | . . . Allies | -11 -10 -9 -------- Run | Yrd Mat Mat Total Allies . | . . . Largest Group . | . . . Highest-Rated Group . | . . . Highest-Rated Ally . | . . . Total Orders . | . . . Ally Attacks . | . . . Total Damage . | . . . Kills . | . . . Allies Corrupted . | . . . Allies Melted . | . . . Intel | -11 -10 -9 ------- Run | Yrd Mat Mat Robot Analysis Total . | . . . Derelict Logs Recovered . | . . . Drone Launches . | . . . Drone Recoveries . | . . . Exploration | -11 -10 -9 ------------- Run | Yrd Mat Mat Turns Passed 1763 | 99 390 1274 Spaces Moved 893 | 52 308 533 Core 17 | 17 . . Treads 305 | . . 305 Legs . | . . . Wheels 571 | 35 308 228 Hover . | . . . Flight . | . . . Fastest Speed 50 | 50 90 105 Average Speed 153 | 100 104 186 Slowest Speed 240 | 200 105 240 Overloaded Moves . | . . . Propulsion Burnouts . | . . . Robots Hopped . | . . . Cave-ins Triggered . | . . . Exploration Rate (%) 29 | 4 59 26 Regions Visited 2 Branch Regions . Pre-discovered Areas . | . . . Known Exits Taken . | . . . Unknown Exits Taken 2 | 1 1 . Scrap Searched . | . . . Spaces Dug 40 | . . 40 Terrain Destroyed 132 | 7 64 61 Melee . | . . . Projectile 1 | . . 1 AOE 131 | 7 64 60 Terrain Rammed . | . . . Walls Destroyed . | . . . Machines Disabled . | . . . Actions | -11 -10 -9 --------- Run | Yrd Mat Mat Total 1115 | 82 345 688 Wait 43 | . 4 39 Move 891 | 51 307 533 Hop . | . . . Pick Up 46 | 11 9 26 Fast Attach . | . . . Attach 25 | 8 2 15 Detach 1 | . . 1 Swap 6 | 1 2 3 Drop 11 | 2 4 5 Fire 92 | 9 17 66 Melee . | . . . Ram . | . . . Kick . | . . . Crush . | . . . Escape Stasis . | . . . Rewire . | . . . Trap . | . . . Miscellaneous . | . . . Route ------- -11/Scrapyard -10/Materials (discovered 2 exits: *Mat / [*Min]) -9/Materials (discovered 1 exit: Min) History --------- Turn | Location | Event 5 | -11/Scrapyard | Discovered new exit (range 16) 100 | -11/Scrapyard | Entered Materials 241 | -10/Materials | Discovered new exit (range 6) 304 | -10/Materials | Build established: Mutant 467 | -10/Materials | Discovered new exit (range 16) 490 | -10/Materials | Entered another Materials area 490 | -9/Materials | Evolved 2 slots: Power x1, Utility x1 855 | -9/Materials | Core integrity fell below 50% 908 | -9/Materials | Lost 6 parts (1p2n1u2w) 1154 | -9/Materials | Identified exit to Mines 1690 | -9/Materials | First assault squad dispatched 1748 | -9/Materials | Core integrity fell below 20% 1764 | -9/Materials | Destroyed by G-34 Mercenary with Small Laser Last Messages --------------- T-07 Excavator is excavating. U-05 Engineer lays Concrete. U-05 Engineer builds a Wall. T-07 Excavator is excavating. U-05 Engineer lays Concrete. U-05 Engineer builds a Wall. T-07 Excavator is excavating. U-05 Engineer lays Concrete. U-05 Engineer builds a Wall. T-07 Excavator is excavating. U-05 Engineer lays Concrete. U-05 Engineer builds a Wall. C-30 ARC bursts open, deploying its payload. G-47 Trooper unfolds itself. B-36 Bruiser unfolds itself. G-34 Mercenary unfolds itself. U-05 Engineer destroyed. Transport Network Coupler destroyed. B-36 Bruiser destroyed. Imp. Assault Rifle destroyed. Map ----- +----------------------------------------------------+ | ????????????????????????? ????????????????????? | | ?????????????????????????# #??????????????#????? | | ?????????????????????????# #???????????????????? | | ?????????????????????????+ #?????????????????#?? | | ?????????????????????????# #??????????????###### | | ?????????????????????????# #????????????#?# | | ?????????????????????????# ##########??#??# | | ?????????????????????????+ # #????## "" | | ?????????????????????????# # #?????# """ | | ?????????????????????????# # #?????# """ | | ?????????????????????????# #% #??#### """ | | ?????????????????????????# %#!= #### # "" | | ?????????????????????????# % +%* ## # # | | ?????????????????????????# #== = ## # | | ?????????????????????????# # [ # | | ?????????????????????????# # %# %# | | ?????????????????????????# ########/## + | | ?????????????????????????# %% # # | | ?????????????????????????# / # [ | | ?????????????????????????# % # # | | ???????????? ##+######### ####### # # | | ??????????? #?????# # # | | ??????????> ###?#?# # # | | ??????????? u ####### # # | | ???????????? ##+#####+###g#### ##% # # | | ????????????????????????#@gm#?# ##% ## # !#% | | ????????????????????????#*%g#?# ## ### # # # | | ????????????????????????# ! ### ## #?####### | | ????????????????????????# #?# =## ###?#???# | | ????????????????????????# #?# ## #??#??#?# | | ????????????????????????# #?# ## ##?#???## | | ????????????????????????# #?##+## %####### | | ????????????????????????#####??# % | | ??????????????????????????????##### T | | ?????????????????????????#????????# | | ?????????????????????????????????## ####### | | ??????????????????????????????#?#####+#####???#% | | ?????????????????????????????#??# % #?#?# | | ????????????????????????????????# #??## | | ????????????????????????????????# #???# | | ??????????????????????????????#?# #???# | | ????????????????????????????????# #???#%% | | ????????????????????????????????# ![[% #???# | | ????????????????????????????????# ![[ #???# | | ????????????????????????????????# [[[ #???#% | | ????????????????????????????????###########??## | | ?????????????????????????????????????????????# | | ?????????????????????????????????????????????# | | ?????????????????????????????????????????????# ## | | ????????????????????????????????????######???# # | +----------------------------------------------------+ Best States ------------- Heat Dissipation 28 Energy Generation 19 Energy Capacity 430 Matter Stores 300 Matter Capacity 300 Sight Range 16 Robot Scan Range 14 Terrain Scan Range 16 Terrain Scan Density 10 Power Shielding 33 Evasion (%) 42 Recoil Reduction 2 Item Schematics ----------------- None Robot Schematics ------------------ None Fabricated ------------ Nothing Alien Tech Used ----------------- None Achievements -------------- None Challenges ------------ None Game ------ Seed ArmageddonGrenadeCutter Manual? 0 Play Time 00:14:51 Cumulative 29.4 hours Start 2024.04.29 @ 11:19:43 End 2024.04.29 @ 11:33:32 Sessions 1 Manual Loads 0 Difficulty Rogue Special Mode None Game No. 81 Rogue 79 Adventurer 2 Explorer 0 Win Type - Total 0 Types 0/0/0/0/0/0/0/0/0 Lore% 22 Gallery% 31 Achievement% 23 Wizard Run 0 Options --------- Layout 1 ASCII 0 Keyboard 0 Movement Mouse Keybinds 0 Fullscreen 1 Font 16/SmallcapsGlow Map View 55x38 Zoom Use 13% Tactical HUD 0 Map Filters NONE Filters NONE Steam 1 RUN: e7d882e8-1608-4d20-8b7b-b28bb383f75e